[Event "Catalan University-ch 2024"]
[Site "Barcelona"]
[Date "2024.02.24"]
[Round "2.8"]
[White "Martinez Lopez, Carlos"]
[Black "Camprubi Juanola, Jaume"]
[Result "1-0"]
[ECO "B38"]
[WhiteElo "2006"]
[BlackElo "1654"]
[Annotator "COMBH"]
[PlyCount "75"]
[EventDate "2024.02.24"]
[EventCountry "ESP"]
[SourceTitle "playchess.com"]
[Source "ChessBase"]
[SourceQuality "1"]
[TimeControl "5400+30"]

1. e4 c5 2. Nf3 g6 3. d4 cxd4 4. Nxd4 Bg7 5. c4 Nc6 6. Be3 Nf6 7. Nc3 d6 8. Be2 O-O 9. O-O a6 10. h3 Bd7 11. Qd2 Rc8 12. Rac1 Qa5 13. Nb3 Qc7 14. Bg5 Ne5 15. Bxf6 Bxf6 16. Nd5 Qb8 17. f4 Nc6 18. Nxf6+ exf6 19. Rfd1 Rfe8 20. Bf3 f5 21. exf5 Bxf5 22. Qxd6 Qxd6 23. Rxd6 Rcd8 24. Bxc6 bxc6 25. Rxd8 Rxd8 26. Kf2 Re8 27. Re1 Re4 28. Rxe4 Bxe4 29. Nc5 Bb1 30. Nxa6 Bxa2 31. c5 f5 32. Nb4 Bd5 33. Nxd5 cxd5 34. Ke3 Kf7 35. Kd4 Ke6 36. b4 h6 37. b5 g5 38. g3 1-0

[Event "Catalan University-ch 2024"]
[Site "Barcelona"]
[Date "2024.02.24"]
[Round "2.9"]
[White "Marti Olivella, Gerard"]
[Black "Gomez Navais, Marcal"]
[Result "0-1"]
[ECO "B23"]
[WhiteElo "1869"]
[BlackElo "2081"]
[Annotator "NA"]
[PlyCount "91"]
[EventDate "2024.02.24"]
[EventCountry "ESP"]
[SourceTitle "playchess.com"]
[Source "ChessBase"]
[SourceQuality "1"]
[TimeControl "600+2"]

1. e4 c5 2. Nc3 Nc6 3. Bb5 Nd4 4. f4 g6 5. Nf3 Bg7 6. O-O a6 7. Bd3 Nh6 8. Nxd4 cxd4 9. Ne2 d5 10. e5 f6 11. Nxd4 Qb6 12. c3 fxe5 13. fxe5 Bxe5 14. Kh1 Bxd4 15. Qa4+ Bd7 16. Qxd4 Qxd4 17. cxd4 Nf5 18. Rf4 O-O 19. b3 g5 20. Rg4 h6 21. Ba3 Rf7 22. Re1 Rg7 23. Bxf5 Bxf5 24. Rg3 Rc8 25. Rc3 Re8 26. Kg1 e6 27. Bd6 Rf7 28. Rec1 Rd8 29. Be5 Kh7 30. Rc7 Rdd7 31. Kf2 Bb1+ 32. Ke3 Rxc7 33. Rxc7 Rxc7 34. Bxc7 Bxa2 35. b4 Kg6 36. g3 Kf5 37. Kf3 Bb1 38. Ke3 Kg4 39. Kf2 h5 40. Be5 Be4 41. Bf6 b6 42. Bd8 a5 43. b5 a4 44. Bxb6 Bd3 45. Bc5 Bxb5 46. Kg2 0-1

[Event "Catalan University-ch 2024"]
[Site "Barcelona"]
[Date "2024.02.24"]
[Round "2.10"]
[White "Marabajan Navas, Saul"]
[Black "De la Vega Czarnecki, Marcel"]
[Result "1-0"]
[ECO "D35"]
[WhiteElo "2036"]
[BlackElo "1569"]
[Annotator "NA COMBH"]
[PlyCount "123"]
[EventDate "2024.02.24"]
[EventCountry "ESP"]
[SourceTitle "playchess.com"]
[Source "ChessBase"]
[SourceQuality "1"]
[TimeControl "600+2"]

1. d4 d5 2. c4 e6 3. Nc3 Nf6 4. cxd5 Nxd5 5. e4 Nxc3 6. bxc3 c5 7. Rb1 Nc6 8. Nf3 cxd4 9. cxd4 Bb4+ 10. Bd2 Bxd2+ 11. Qxd2 O-O 12. Bc4 b6 13. O-O Bb7 14. Rfe1 Qd6 15. Rbd1 Rfd8 16. Bb3 Rac8 17. h4 Na5 18. h5 Nxb3 19. axb3 h6 20. Ne5 Rc7 21. Qe3 Qe7 22. Qg3 Rdc8 23. d5 exd5 24. exd5 Rc3 25. d6 Qd8 26. Qf4 Qf8 27. d7 Rd8 28. Nc4 Bc6 29. Ne5 Rc5 30. b4 Rxe5 31. Qxe5 Rxd7 32. Rxd7 Bxd7 33. Qc7 Be6 34. b5 Qb4 35. Ra1 Qxb5 36. Rxa7 Kh7 37. Qf4 Qb1+ 38. Kh2 Qf5 39. Qxf5+ Bxf5 40. Rb7 Bg4 41. Rxf7 Bxh5 42. Rb7 Bg6 43. Rxb6 Bf5 44. Kg3 h5 45. Kh4 g6 46. Kg5 Bd3 47. Rb7+ Kg8 48. g3 Be4 49. Ra7 Bd3 50. Kf6 Kh8 51. Rg7 Bf5 52. Rxg6 Bxg6 53. Kxg6 h4 54. gxh4 Kg8 55. h5 Kh8 56. f4 Kg8 57. h6 Kh8 58. f5 Kg8 59. f6 Kh8 60. Kf7 Kh7 61. Ke7 Kxh6 62. f7 1-0

[Event "Catalan University-ch 2024"]
[Site "Barcelona"]
[Date "2024.02.24"]
[Round "3.1"]
[White "Marabajan Navas, Saul"]
[Black "Adan Bermudez, Sergio"]
[Result "0-1"]
[ECO "C41"]
[WhiteElo "2036"]
[BlackElo "2299"]
[Annotator "TA"]
[PlyCount "62"]
[EventDate "2024.02.24"]
[EventCountry "ESP"]
[SourceTitle "playchess.com"]
[Source "ChessBase"]
[SourceQuality "1"]
[TimeControl "600+2"]

1. d4 d6 2. e4 Nf6 3. Nc3 e5 4. Nf3 Nbd7 5. Rg1 g6 6. Bc4 Bg7 7. h4 (7. dxe5 $11 dxe5 8. h3) 7... O-O (7... exd4 {with more complications.} 8. Qxd4 O-O 9. Bg5 Nb6) 8. Be3 (8. dxe5 $1 $11 dxe5 9. g4) 8... exd4 $17 9. Nxd4 ({White should play} 9. Bxd4 Nb6 10. Qe2) 9... Re8 10. f3 Nb6 11. Bb3 d5 {[%emt 0:00:01] Strongly threatening ...c5.} 12. Qd2 c5 13. Nde2 d4 ({Much less strong is} 13... dxe4 14. Qxd8 Rxd8 15. Bxc5 $15) 14. O-O-O Qe7 15. Nxd4 cxd4 16. Bxd4 Be6 17. g4 Red8 {[%emt 0:00:42][%cal Of6e4] [#] Hoping for ...Nxe4!} 18. Qe3 Nfd7 19. Bxg7 Kxg7 20. h5 Qc5 21. Qf4 Qe5 {[%emt 0:00:31] Prevents g5.} 22. Qe3 Bxb3 23. axb3 Nf6 (23... g5 $142 24. Rgf1 Nf8) 24. h6+ Kg8 25. f4 (25. Kb1 $17) 25... Qe7 (25... Rxd1+ $19 {has better winning chances.} 26. Rxd1 Nxg4) 26. Rxd8+ Rxd8 27. e5 $2 {[%emt 0:00:05] This costs White the game.} (27. g5 $17 Ne8 28. Qf3) 27... Nfd5 $19 28. Nxd5 Nxd5 29. Qg3 (29. Qf3 {is a better defense.} g5 30. Rd1 Nxf4 31. Rxd8+ Qxd8 32. Qxb7) 29... Qc5 {[%emt 0:00:29] [#] ...Qa5 is the strong threat.} 30. Re1 $2 (30. Rd1 Qa5 31. Rd4) 30... Nb4 31. Qc3 Na2+ {[%emt 0:00:05] Weighted Error Value: White=0.63/Black=0.17 (very precise) .  Loses game:     	White=1     	---        Mistake:       	White=6     	Black=2      Inaccurate:     	White=3     	Black=1      OK:         	White=6     	Black=12} (31... Qa5 $142 32. Qd4 Rxd4 (32... Qa1+ {is a self mate.} 33. Kd2 Rxd4+ 34. Kc3 Qxe1+ 35. Kxd4 Qd2+ 36. Kc4 b6 37. g5 Qxc2+ 38. Kxb4 Qc5+ 39. Ka4 Qa5#) 33. Kb1 Qa2+ 34. Kc1 Qa1#) 0-1

[Event "Catalan University-ch 2024"]
[Site "Barcelona"]
[Date "2024.02.24"]
[Round "3.2"]
[White "Castillo Dalmau, Albert"]
[Black "Alfonso Pellisa, Aaron"]
[Result "1/2-1/2"]
[ECO "A09"]
[WhiteElo "2313"]
[BlackElo "2090"]
[Annotator "ChessBase"]
[PlyCount "421"]
[EventDate "2024.02.24"]
[EventCountry "ESP"]
[SourceTitle "playchess.com"]
[Source "ChessBase"]
[SourceQuality "1"]
[TimeControl "600+2"]

1. Nf3 d5 2. c4 d4 3. b4 e5 4. Nxe5 Bd6 5. Nd3 Nf6 6. Bb2 O-O 7. Na3 Bf5 8. c5 Bxd3 9. cxd6 Re8 10. Qb3 Bf5 11. dxc7 Qxc7 12. Bxd4 Nc6 13. Bxf6 gxf6 14. b5 Nd4 15. Qg3+ Qxg3 16. hxg3 Nxe2 17. Bxe2 Bd3 18. O-O Rxe2 19. Rfd1 Rc8 20. f3 b6 21. Rac1 Rxc1 22. Rxc1 Rxd2 23. Rc3 Bf5 24. Nc4 Rxa2 25. Nd6 Be6 26. Rc7 Kg7 27. g4 a6 28. bxa6 Rxa6 29. Rb7 Ra1+ 30. Kh2 Rb1 31. Kg3 Bd5 32. Rb8 Be6 33. Ne8+ Kg6 34. Nc7 Kg7 35. Rb7 Bc4 36. Ne8+ Kg6 37. Nd6 Bd5 38. Rb8 b5 39. Rxb5 Rxb5 40. Nxb5 Be6 41. Nd4 f5 42. gxf5+ Bxf5 43. Kf4 Bd7 44. Ke5 h5 45. Kd6 Ba4 46. g3 Bd1 47. Ke5 f6+ 48. Kf4 Ba4 49. Ne6 Bc6 50. Nd4 Bd5 51. Nc2 Bb3 52. Ne3 Be6 53. Ng2 Bd7 54. Nh4+ Kh6 55. Ng2 Kg6 56. Ne3 Be6 57. Ke4 Bd7 58. Kd5 Bc8 59. Ke4 Bb7+ 60. Kf4 Bc8 61. Nd5 Be6 62. Ne7+ Kf7 63. Nc6 Kg6 64. Nd4 Bd7 65. Ne2 Be6 66. Ke3 Bd7 67. Kf4 Bb5 68. Ng1 Bf1 69. Ke3 Bb5 70. Nh3 Bc6 71. Nf4+ Kh6 72. Ne6 Kg6 73. Kf4 Bd5 74. Nd4 Bb7 75. Ke3 Bd5 76. f4 f5 77. Kd3 Be4+ 78. Kc4 h4 79. gxh4 Kh5 80. Kc5 Kxh4 81. Kd6 Kg3 82. Ke5 Kg4 83. Ne6 Bc2 84. Nd8 Be4 85. Nf7 Kh5 86. Nd6 Kg6 87. Ne8 Bb1 88. Nc7 Be4 89. Ne6 Bb1 90. Nf8+ Kf7 91. Nd7 Kg6 92. Nb6 Be4 93. Nc4 Bb1 94. Ne3 Bd3 95. Nd5 Bb1 96. Ne7+ Kf7 97. Nxf5 Kg6 98. Nd6 Kg7 99. Ke6 Kg6 100. Ke5 Kg7 101. Ke6 Kg6 102. Nb5 Bf5+ 103. Ke5 Bd3 104. Nc3 Kf7 105. Nd5 Bb1 106. Ne3 Bd3 107. Kd4 Bh7 108. Ng4 Ke6 109. Ne3 Bg6 110. Kc5 Be4 111. Kd4 Bg6 112. Kc3 Be4 113. Kd2 Kf6 114. Ke1 Bc6 115. Kf2 Bd7 116. Kg3 Be6 117. Kf3 Bc8 118. Nd5+ Ke6 119. Ne3 Kf6 120. Ke4 Bb7+ 121. Kd4 Bc8 122. Ke4 Bb7+ 123. Kd4 Bc8 124. Kd3 Be6 125. Ke4 Bc8 126. Nd5+ Kf7 127. Ke5 Bg4 128. Ne3 Bh3 129. Nf5 Bf1 130. Nd6+ Ke7 131. f5 Bd3 132. f6+ Kf8 133. Ke6 Bg6 134. Nc8 Bf7+ 135. Ke5 Bh5 136. Ne7 Bf7 137. Nf5 Bg6 138. Nd4 Bf7 139. Kf5 Bd5 140. Ke5 Bf7 141. Nf3 Bh5 142. Ng5 Bg6 143. Kd6 Bh5 144. Ke5 Bg6 145. Ne6+ Kf7 146. Nd8+ Kf8 147. Nc6 Bf7 148. Kf4 Bd5 149. Ne5 Be6 150. Kg5 Bd5 151. Kf5 Ba2 152. Ng6+ Kf7 153. Nf4 Bb3 154. Ke5 Ba2 155. Nd3 Bb3 156. Nc5 Ba2 157. Ne4 Kf8 158. Nd6 Bb3 159. Kf5 Ba2 160. Kg5 Bb3 161. Nf5 Ba2 162. Nd6 Bb3 163. Ne4 Ba2 164. Nc5 Bc4 165. Kf5 Kf7 166. Ke5 Ba2 167. Ne4 Kf8 168. Nd2 Bf7 169. Ne4 Ba2 170. Ng5 Bb3 171. Ne6+ Kf7 172. Nc5 Ba2 173. Nd3 Kf8 174. Nb4 Bf7 175. Kd6 Bb3 176. Nc6 Kf7 177. Ke5 Kf8 178. Nd4 Ba2 179. Ne6+ Kf7 180. Ng5+ Kf8 181. Kd6 Bb3 182. Ne4 Kf7 183. Ke5 Ba2 184. Nc5 Kf8 185. Nd3 Kf7 186. Nb4 Bb3 187. Nc6 Kf8 188. Nd4 Ba2 189. Kf5 Bb1+ 190. Kg5 Ba2 191. Nf5 Kf7 192. Nh6+ Kf8 193. Kg6 Bb1+ 194. Kg5 Ba2 195. Nf5 Kf7 196. Nd6+ Kf8 197. Ne4 Kf7 198. Nc3 Bb3 199. Nb5 Kf8 200. Nd4 Ba2 201. Kf5 Bc4 202. Ke5 Ba2 203. Nf5 Bf7 204. Nd6 Ba2 205. Ne4 Bf7 206. Nc5 Ba2 207. Nd7+ Kf7 208. Nc5 Bc4 209. Ne4 Ba2 210. Nd6+ Kf8 211. Kd4 1/2-1/2

[Event "Catalan University-ch 2024"]
[Site "Barcelona"]
[Date "2024.02.24"]
[Round "3.3"]
[White "Marzo Pie, Xavier"]
[Black "Roca Planas, Edgar"]
[Result "1-0"]
[ECO "E33"]
[WhiteElo "2043"]
[BlackElo "2248"]
[Annotator "TA"]
[PlyCount "113"]
[EventDate "2024.02.24"]
[EventCountry "ESP"]
[SourceTitle "playchess.com"]
[Source "ChessBase"]
[SourceQuality "1"]
[TimeControl "600+2"]

1. d4 Nf6 2. c4 e6 3. Nc3 Bb4 4. Qc2 Nc6 5. Nf3 d6 6. Bd2 O-O 7. a3 Bxc3 8. Bxc3 Qe7 9. e3 a5 10. b3 e5 11. dxe5 dxe5 12. Be2 {[%emt 0:00:03] The position is equal.} Bg4 13. O-O Rfe8 14. Bb2 Bh5 15. Rad1 Bg6 16. Qc1 Ne4 17. Nd2 ({White should try} 17. Rd5 $11) 17... Nc5 $15 18. f3 (18. Qc3 $15) 18... Rad8 19. e4 Qg5 20. Qc3 (20. Rfe1 $142) 20... Nd4 {[%emt 0:00:28] A dynamic duo of knights.} 21. Rfe1 (21. Rf2 $17) 21... Nxe2+ (21... Ncxb3 $19 22. Bc1 Nxe2+ 23. Rxe2 a4) 22. Rxe2 $17 Rd3 23. Qc2 Red8 24. Bc1 (24. Bc3 $17) 24... Ne6 $4 (24... Nxb3 $19 25. Nf1 Nxc1 (25... Rxd1 $2 26. Bxg5 Nd4 27. Qxd1 $18) 26. Qxc1 Qxc1 27. Rxc1 Rxa3) 25. Nf1 $1 $18 Rxd1 26. Bxg5 Nxg5 27. Kf2 R1d3 28. Rd2 Rxd2+ (28... Bxe4 $142 29. Rxd3 Bxd3) 29. Nxd2 Ne6 30. Qc3 (30. c5 $1 $18) 30... b6 $16 31. b4 axb4 32. axb4 (32. Qxe5 $2 Rxd2+ 33. Ke3 Rxg2 34. axb4 Rg1 $19) 32... f6 33. Nb3 Bf7 34. c5 b5 35. c6 {[%emt 0:00:12] Nc5 is the strong threat.} Nd4 $2 (35... h6 $11) 36. Na5 $2 ({Only move:} 36. Nxd4 $18 Rxd4 37. Qc5) 36... Rd6 (36... Ne6 $1 $11 {keeps the balance.}) 37. Qc5 {[%emt 0:00:09] Hoping for Qa7.} Be8 {[%emt 0:00:01] [#]} (37... h5 $16) 38. f4 exf4 39. e5 fxe5 40. Qxe5 Ne6 $2 (40... Bf7 $16) 41. Qxb5 $2 (41. Nb7 Rxc6 42. Nd8 (42. Qxb5 $2 Rc2+ $19)) 41... Rd2+ (41... g6 {was worth a try.} 42. h3 h6) 42. Kf1 $2 ({White must play} 42. Ke1 $18 Rd6 43. Qe5) 42... Bg6 $2 {[%emt 0:00:01] [#]} (42... Rd1+ $11 {and Black has nothing to worry.} 43. Kf2 Rd4) 43. Qb8+ $2 (43. Ke1 $1 $18 Rd3 44. Nc4) 43... Kf7 {[%emt 0:00:01] Threatens to win with ...Bd3+.} 44. Nb7 {[%emt 0:00:06] Black must now prevent Nc5.} Bd3+ $2 (44... Rd1+ $1 $11 45. Ke2 Bh5+ 46. Kf2 Rd2+ 47. Ke1 Rd1+ 48. Kf2 Rd2+ 49. Ke1 Rd1+ 50. Kf2) 45. Ke1 $18 Re2+ 46. Kd1 {[%emt 0:00:00] Nc5 would now be deadly.} Rxg2 $2 (46... Kf6 47. Nc5 Nxc5 48. Qxc7 (48. bxc5 Re7 $18) 48... Ne6) 47. Nd8+ Nxd8 48. Qxd8 {[%emt 0:00:00][%mdl 4096] Endgame. KQ-KRB} (48. Qxc7+ $142 Kg6 49. Qd6+ (49. Qxd8 Bc2+ 50. Ke1 Rxh2 $18) (49. Qxf4 Ne6 $18) 49... Kh5 50. c7 (50. Qxd8 Bf5 $18) (50. Qxd3 Rg1+ 51. Kd2 Nxc6 $18) 50... Be2+ 51. Ke1) 48... Be2+ 49. Ke1 f3 50. Qxc7+ Kg6 51. Qb6 {[%emt 0:00:00] White mates.} Kh5 52. c7 Bc4 53. Qc5+ (53. c8=B f2+ $14) 53... Kg4 54. Qxc4+ Kh3 55. c8=Q+ Kxh2 56. Qh4+ Kg1 57. Qc5+ {[%emt 0:00:00] Weighted Error Value: White=0.65/Black=0.70.  Loses game:     	---       	Black=4      Missed win:     	White=2     	Black=1      Mistake:       	White=8     	Black=6      Inaccurate:     	White=3     	Black=1      OK:         	White=10    	Black=10     Best:        	White=4     	Black=5} (57. Qxh7 f2+ 58. Ke2 (58. Kd2 f1=Q+ 59. Ke3 Qe2+ 60. Kd4 Qb2+ 61. Kd5 Rd2+ 62. Kc6 Qc3+ 63. Kb5 Qxc8 $19) 58... f1=Q+ 59. Ke3 Qe2+ 60. Kd4 Qb2+ 61. Ke4 (61. Qc3 Rg4+ 62. Kd5 Qxc3 63. Qb1+ Kh2 64. Qa2+ Kg3 65. Qa7 Rg5+ 66. Kd6 Qf6+ 67. Kc7 Qe7+ 68. Kb6 Rg6+ 69. Kb5 Qxa7 70. Kc4 Rc6+ 71. Kb3 Qa1 72. b5 Rc3+ 73. Kb4 Qa3#) (61. Kd5 Rd2+ 62. Kc6 Qc3+ 63. Kb5 Qxc8 $19) 61... Qb1+ (61... Qxb4+ 62. Kd5 $11) 62. Kd5 Qxh7 $19) 1-0

[Event "Catalan University-ch 2024"]
[Site "Barcelona"]
[Date "2024.02.24"]
[Round "3.4"]
[White "Masalias Mira, Marc"]
[Black "Garcia Escoda, Marc"]
[Result "0-1"]
[ECO "B29"]
[WhiteElo "1826"]
[BlackElo "2074"]
[Annotator "NA RC"]
[PlyCount "68"]
[EventDate "2024.02.24"]
[EventCountry "ESP"]
[SourceTitle "playchess.com"]
[Source "ChessBase"]
[SourceQuality "1"]
[TimeControl "600+2"]

1. e4 c5 2. Nf3 Nf6 3. e5 Nd5 4. c4 Nc7 5. d4 cxd4 6. Nxd4 Nc6 7. Nxc6 bxc6 8. Be2 g6 9. O-O Bg7 10. f4 O-O 11. Nc3 Rb8 12. Qc2 d6 13. Be3 Bf5 14. Qc1 dxe5 15. fxe5 a5 16. Bf3 Bxe5 17. Rd1 Qc8 18. Bxc6 Na6 19. Bd5 Nb4 20. Bh6 Rd8 21. Qe3 Qc7 22. Nb5 Rxb5 23. Bxf7+ Kxf7 24. cxb5 e6 25. b6 Bxh2+ 26. Kh1 Qb8 27. Rxd8 Qxd8 28. Rf1 Qh4 29. Bg5 Qh5 30. g4 Bf4+ 31. Kg2 Qh2+ 32. Kf3 Qg3+ 33. Ke2 Qxe3+ 34. Kd1 Qd2# 0-1

[Event "Catalan University-ch 2024"]
[Site "Barcelona"]
[Date "2024.02.24"]
[Round "3.5"]
[White "Gonzalez Diaz, Penelope"]
[Black "Travesset Sagre, Jan"]
[Result "0-1"]
[ECO "D02"]
[WhiteElo "1893"]
[BlackElo "2193"]
[Annotator "RC"]
[PlyCount "87"]
[EventDate "2024.02.24"]
[EventCountry "ESP"]
[SourceTitle "playchess.com"]
[Source "ChessBase"]
[SourceQuality "1"]
[TimeControl "600+2"]

1. d4 d5 2. Nf3 Nf6 3. Bf4 e6 4. e3 Bd6 5. Ne5 Nfd7 6. c3 Bxe5 7. dxe5 c5 8. Qg4 Kf8 9. Nd2 h5 10. Qg3 h4 11. Qg4 Nc6 12. Nf3 Qc7 13. Nxh4 Ndxe5 14. Qg3 Bd7 15. Nf3 Nxf3+ 16. Qxf3 e5 17. Bg3 Be6 18. Bb5 Ne7 19. Rd1 Rd8 20. O-O a6 21. Be2 Nf5 22. e4 Nxg3 23. fxg3 d4 24. cxd4 Rxd4 25. Rc1 b5 26. b3 Ke7 27. Qe3 f6 28. Rfd1 Rhd8 29. g4 Rxd1+ 30. Rxd1 Rxd1+ 31. Bxd1 Qd6 32. Be2 Qd4 33. Kf2 c4 34. bxc4 Bxc4 35. Kf3 Qxe3+ 36. Kxe3 Bxe2 37. Kxe2 Kd6 38. h4 Kc5 39. Kd3 a5 40. a3 b4 41. a4 b3 42. Kc3 b2 43. Kxb2 Kb4 44. Kc2 0-1

[Event "Catalan University-ch 2024"]
[Site "Barcelona"]
[Date "2024.02.24"]
[Round "3.6"]
[White "Ros Alonso, Joana"]
[Black "Ruiz Lupon, Neri"]
[Result "1-0"]
[ECO "C13"]
[WhiteElo "2033"]
[BlackElo "1968"]
[Annotator "NA RC"]
[PlyCount "51"]
[EventDate "2024.02.24"]
[EventCountry "ESP"]
[SourceTitle "playchess.com"]
[Source "ChessBase"]
[SourceQuality "1"]
[TimeControl "600+2"]

1. e4 e6 2. d4 d5 3. Nd2 dxe4 4. Nxe4 Nf6 5. Bg5 Be7 6. Nxf6+ Bxf6 7. Bxf6 Qxf6 8. Nf3 O-O 9. Bd3 Rd8 10. c3 Nc6 11. Qc2 h6 12. O-O-O Ne7 13. Kb1 Bd7 14. Ne5 Nd5 15. h4 Be8 16. g4 Qf4 17. Rde1 Nf6 18. g5 hxg5 19. hxg5 Qxg5 20. f4 Qxf4 21. Ref1 Qe3 22. Qh2 Kf8 23. Qh8+ Ke7 24. Qxg7 Ne4 25. Rxf7+ Bxf7 26. Qxf7+ 1-0

[Event "Catalan University-ch 2024"]
[Site "Barcelona"]
[Date "2024.02.24"]
[Round "3.7"]
[White "Alcon Llosada, Alex"]
[Black "Martinez Lopez, Carlos"]
[Result "0-1"]
[ECO "A95"]
[WhiteElo "1832"]
[BlackElo "2006"]
[Annotator "NA RC"]
[PlyCount "80"]
[EventDate "2024.02.24"]
[EventCountry "ESP"]
[SourceTitle "playchess.com"]
[Source "ChessBase"]
[SourceQuality "1"]
[TimeControl "600+2"]

1. d4 f5 2. c4 e6 3. g3 Nf6 4. Bg2 Be7 5. Nc3 O-O 6. Nf3 d5 7. O-O b6 8. cxd5 exd5 9. Bf4 Kh8 10. Rc1 c6 11. Qa4 Bd7 12. Ne5 b5 13. Qc2 Na6 14. a3 Rc8 15. Qd3 Nc7 16. Nd1 Ne6 17. Bd2 Ne4 18. Nc3 Be8 19. Qc2 Nxd4 20. Qd1 Nxd2 21. Qxd2 Nb3 22. Qc2 Nxc1 23. Rxc1 Bf6 24. Qxf5 Rc7 25. g4 Qd6 26. f4 Bxe5 27. fxe5 Qe7 28. Nxd5 Rxf5 29. Nxe7 Rxe5 30. Nxc6 Rxe2 31. Rf1 Rxg2+ 32. Kh1 Rf2 33. Rxf2 Bxc6+ 34. Kg1 Kg8 35. Rd2 Kf7 36. h4 a5 37. Kf2 a4 38. Kg3 Ke6 39. g5 Rf7 40. Rc2 Ke5 0-1

[Event "Catalan University-ch 2024"]
[Site "Barcelona"]
[Date "2024.02.24"]
[Round "3.8"]
[White "Gomez Navais, Marcal"]
[Black "Alberti Carrasco, Pau"]
[Result "1-0"]
[ECO "B32"]
[WhiteElo "2081"]
[BlackElo "1446"]
[Annotator "NA RC"]
[PlyCount "75"]
[EventDate "2024.02.24"]
[EventCountry "ESP"]
[SourceTitle "playchess.com"]
[Source "ChessBase"]
[SourceQuality "1"]
[TimeControl "600+2"]

1. e4 c5 2. Nf3 Nc6 3. d4 cxd4 4. Nxd4 e5 5. Nb5 d6 6. N1c3 a6 7. Na3 b5 8. Nd5 Be6 9. c3 Be7 10. Be3 Rb8 11. Nc2 Nf6 12. Nxf6+ Bxf6 13. Be2 O-O 14. Bf3 Qd7 15. O-O Rfd8 16. Qe2 Bc4 17. Qe1 Bxf1 18. Qxf1 Qe7 19. Bd2 Bg5 20. Rd1 h6 21. g3 Qf6 22. Bg2 Bxd2 23. Rxd2 Na5 24. Ne3 Rbc8 25. Nd5 Qe6 26. Bh3 Qe8 27. Bxc8 Rxc8 28. Qe2 Nc4 29. Rd1 Kh8 30. b3 Na5 31. Qe3 Qd8 32. Qa7 Ra8 33. Qxf7 Qg5 34. Ne7 Qg4 35. Rxd6 Qxe4 36. Rxh6+ gxh6 37. Ng6+ Qxg6 38. Qxg6 1-0

[Event "Catalan University-ch 2024"]
[Site "Barcelona"]
[Date "2024.02.24"]
[Round "3.9"]
[White "Vinolas Anglada, Laura"]
[Black "Sole Pijuan, Ferran"]
[Result "0-1"]
[ECO "C54"]
[WhiteElo "1876"]
[BlackElo "2136"]
[Annotator "RC"]
[PlyCount "60"]
[EventDate "2024.02.24"]
[EventCountry "ESP"]
[SourceTitle "playchess.com"]
[Source "ChessBase"]
[SourceQuality "1"]
[TimeControl "600+2"]

1. e4 e5 2. Nf3 Nc6 3. Bc4 Nf6 4. d3 Bc5 5. c3 a6 6. a4 d6 7. O-O Ba7 8. Re1 h6 9. Nbd2 g5 10. Nf1 Nh7 11. Be3 g4 12. N3d2 h5 13. b4 Qf6 14. b5 Ne7 15. bxa6 bxa6 16. Bxa7 Rxa7 17. Ne3 Ng5 18. Nd5 Nxd5 19. exd5 h4 20. Nf1 h3 21. Re3 hxg2 22. Kxg2 Nf3 23. d4 Qf4 24. Rxf3 gxf3+ 25. Kh1 Bh3 26. Qb3 Ra8 27. Qb7 Rd8 28. Qc6+ Bd7 29. Qxc7 Qg4 30. Ne3 Qh3 0-1

[Event "Catalan University-ch 2024"]
[Site "Barcelona"]
[Date "2024.02.24"]
[Round "3.10"]
[White "Sayrol Clols, Josep Maria"]
[Black "Canyelles Sureda, Joan"]
[Result "1-0"]
[ECO "B22"]
[WhiteElo "1991"]
[BlackElo "1589"]
[Annotator "NA RC"]
[PlyCount "61"]
[EventDate "2024.02.24"]
[EventCountry "ESP"]
[SourceTitle "playchess.com"]
[Source "ChessBase"]
[SourceQuality "1"]
[TimeControl "600+2"]

1. e4 c5 2. c3 d6 3. d4 cxd4 4. cxd4 Nf6 5. Nc3 g6 6. Nf3 e6 7. Bc4 Bg7 8. O-O O-O 9. Bg5 Qc7 10. Bb3 a6 11. Rc1 Qd7 12. Re1 b5 13. Qe2 Bb7 14. e5 dxe5 15. dxe5 Ng4 16. Red1 Qc6 17. Nd5 Qe8 18. Nc7 Bxf3 19. Qxf3 Nxe5 20. Qxa8 Qc8 21. Nxe6 Nbc6 22. Qxc8 Rxc8 23. Nd4 h6 24. Nxc6 Nxc6 25. Bd5 hxg5 26. Rxc6 Rxc6 27. Bxc6 Bxb2 28. Bb7 a5 29. Rd5 a4 30. Rxb5 f6 31. Rxb2 1-0

[Event "Catalan University-ch 2024"]
[Site "Barcelona"]
[Date "2024.02.24"]
[Round "4.1"]
[White "Adan Bermudez, Sergio"]
[Black "Ros Alonso, Joana"]
[Result "1-0"]
[ECO "A16"]
[WhiteElo "2299"]
[BlackElo "2033"]
[Annotator "TA"]
[PlyCount "69"]
[EventDate "2024.02.24"]
[EventCountry "ESP"]
[SourceTitle "playchess.com"]
[Source "ChessBase"]
[SourceQuality "1"]
[TimeControl "600+2"]

1. c4 Nf6 2. Nc3 d5 3. cxd5 Nxd5 4. g3 g6 5. Bg2 Nb6 6. h4 h6 7. d3 Bg7 8. Bd2 c5 {[%emt 0:00:06][%cal Bc7c5,Bc5c4][%mdl 32] The position is equal.} 9. a4 Be6 (9... Nc6 $14) 10. Bxb7 $18 N8d7 11. Bxa8 Qxa8 12. Nf3 Ne5 13. Ne4 c4 14. Bc3 cxd3 15. Bxe5 (15. exd3 Nxf3+ 16. Qxf3 Bxc3+ 17. bxc3 f5 $15) 15... Bxe5 16. Qxd3 Bc4 (16... Bg7 $142 17. Nc5 Bc4) 17. Qc2 Bd5 18. Ned2 {[%emt 0:00:02] e4 would now be deadly.} O-O $2 (18... Bg7 19. O-O O-O) 19. O-O (19. e4 $142) 19... Rc8 20. Qb1 Bd6 21. Rc1 Rd8 22. a5 Nd7 23. Nc4 Bxf3 24. Nxd6 (24. exf3 $18 {is the precise move to win. Hoping for Nxd6.} Qxf3 25. Rc3 (25. Nxd6 exd6 26. Rc3 Qa8 $18)) 24... Ne5 {[%emt 0:00:00] [#]} (24... exd6 $16 25. exf3 Ne5) 25. Nc4 $1 (25. Nxf7 $6 Kxf7 26. Rc5 (26. exf3 $2 Nxf3+ 27. Kf1 Nd2+ 28. Kg1 Nxb1 $19) 26... Rd5) 25... Bh1 26. f3 (26. Nxe5 $2 Qg2#) 26... Bxf3 $2 (26... Nxf3+ {is tougher.} 27. exf3 Qxf3) 27. exf3 $4 (27. Nxe5 $18 Bh1 28. Nf3 Bxf3 29. exf3) 27... Qxf3 $4 {[%emt 0:00:07][%mdl 8192] [#]} (27... Nxf3+ $19 {avoids the disaster.} 28. Kf2 Nd2 29. Nxd2 Rxd2+ 30. Ke3 Qd5 (30... Qg2 $2 31. Rc8+ Kg7 32. Qf1 $18) 31. Rc8+ (31. Qe4 $2 Re2+ 32. Kxe2 Qxe4+ 33. Kf2 Qd4+ 34. Kg2 Qxb2+ 35. Kh3 g5 $19) 31... Kh7) 28. Rc3 (28. Nxe5 {is a self mate.} Qxg3+ 29. Kf1 Rd2 30. Rc8+ Kg7) (28. Ra3 $1 $18 Nd3 29. Rc2 (29. Rxd3 $2 Rxd3 $19) 29... Qxg3+ 30. Rg2) 28... Nd3 $16 29. Qf1 Qxg3+ 30. Qg2 Qc7 (30... Qxh4 $16 31. Ne3 Nf4) 31. Rd1 $18 Qc5+ 32. Kh2 Qc7+ (32... Rd4 $142 33. Rdxd3 (33. Rcxd3 Rxc4 34. Qg3 Qxa5 $18) 33... Rxh4+ 34. Kg3 (34. Rh3 Rxc4 35. Rxc4 Qxc4 $18) 34... Rxc4 35. Rxc4 Qxc4 36. Rd8+ Kg7) 33. Qg3 {[%emt 0:00:02] White is clearly winning.} Ne5 34. Rxd8+ Qxd8 35. Qxe5 {[%emt 0:00:02] Weighted Error Value: White=0.53/Black=0.99.  Loses game:     	---       	Black=1      Missed win:     	White=2     	Black=1      Mistake:       	White=2     	Black=6      Inaccurate:     	White=3     	Black=3      OK:         	White=11    	Black=7      Best:        	White=4     	Black=1      Strong:       	White=1     	---} 1-0